 Dungeon Crawl Stone Soup version 0.31.0-32-g396128a36d (webtiles) character file.

Game seed: 15695129023928188178

24 Alphaeus the Ruffian (level 2, 0/15 HPs)
             Began as a Draconian Shapeshifter on Mar 19, 2024.
             Slain by a gnoll
             ... wielding a +0 flail
              (8 damage)
             ... on level 1 of the Dungeon.
             The game lasted 00:01:10 (557 turns).

Alphaeus the Ruffian (Draconian Shapeshifter)        Turns: 557, Time: 00:01:10

Health: 0/15       AC:  4    Str: 16    XL:     2   Next: 79%
Magic:  2/2        EV: 16    Int: 10    God:
Gold:   10         SH:  0    Dex: 10    Spells: 1/1 levels left

rFire   . .          .
                       - Unarmed
rCold   . . .        (shield currently unavailable)
rNeg    . . .        (body armour unavailable)
rPois   .            (helmet restricted)
rElec   .            (no cloak)
rCorr   .            (no gloves)
SInv    .            (no boots)
Will    .....        (no amulet)
Stlth   +            (no ring)
HPRegen 0.22/turn    (no ring)
MPRegen 0.08/turn

%: no passive effects
@: flux-form, glowing
A: glow, contaminating, reduced hp, AC +4, unfitting armour, cold-blooded
a: Begin Untransformation


You were on level 1 of the Dungeon.
You were something dangerously unstable.
You visited 1 branch of the dungeon, and saw 1 of its levels.

You collected 10 gold pieces.

Inventory:

Talismans
 b - a beast talisman
 c - a flux talisman (active)
 g - a talisman of death
Scrolls
 d - a scroll of teleportation {unknown}
 e - a scroll of enchant weapon {unknown}
Potions
 a - a potion of lignification
 f - 2 potions of haste {unknown}
 h - a potion of cancellation {unknown}


   Skills:
 + Level 1.6 Fighting
 - Level 1.7 Dodging
 * Level 3.4 Unarmed Combat
 * Level 3.3 Shapeshifting


You had one spell level left.
You didn't know any spells.
Your spell library contained the following spells:

 Spells                   Type           Power      Damage    Failure   Level
 Slow                     Hex            0%         N/A       36%         1
 Confusing Touch          Hex            0%         N/A       75%         3
 Sigil of Binding         Hex            0%         N/A       75%         3
 Vampiric Draining        Necr           0%         2d6       75%         3


Dungeon Overview and Level Annotations

Branches:
Dungeon (1/15)

Altars:

Shops:
D:1 *


Innate Abilities, Weirdness & Mutations

You are something dangerously unstable.
You glow with magical radiation, making you easy to see and hit.
Foes you strike become dangerously contaminated with magical radiation.
Your maximum health is decreased, since you lack skill for your form.
You are incapable of wielding weapons or throwing items.
Your plain brown scales are hard. (AC +4)
You cannot fit into any form of body armour.
You are cold-blooded and may be slowed by cold attacks.


Message History

You hit the kobold but do no damage.
The kobold begins to glow.
You hear a loud squeak.
The rat completely misses you. The kobold hits you with a +0 dagger.
You hit the kobold but do no damage.
The kobold glows dangerously bright.
The rat bites you but does no damage. The kobold hits you with a +0 dagger.
You hit the kobold.
The kobold shudders as magic cascades through it!
You kill the kobold!
The rat barely misses you.
You hit the rat.
The rat begins to glow.
The rat is heavily wounded.
The rat barely misses you.
You hit the rat.
You kill the rat!
The gnoll barely misses you.
You completely miss the gnoll.
You tail-slap the gnoll, but do no damage.
The gnoll hits you with a +0 flail!
You are too injured to fight recklessly!
You are too injured to fight recklessly!
You are too injured to fight recklessly!
You are too injured to fight recklessly!
You are too injured to fight recklessly!
You are too injured to fight recklessly!
You are too injured to fight recklessly!
You are too injured to fight recklessly!
You are too injured to fight recklessly!
You are too injured to fight recklessly!
You are too injured to fight recklessly!
You are too injured to fight recklessly!
You are too injured to fight recklessly!
You are too injured to fight recklessly!
You are too injured to fight recklessly!
You are too injured to fight recklessly!
Unknown command.
You hit the gnoll.
The gnoll begins to glow.
The gnoll is moderately wounded.
The gnoll hits you with a +0 flail!
Ouch! That really hurt!
You die...

.......# ##.......#
........# #.......#
##.#...#.## #>........#
#..g))..∩.#
####...p#....# #####
.......>....### ######
....##########..........
#..... ###.......#
###...##### #.####
###....##.# #...# #.##
.##..#.##.# #...# #..#
.......##.# #...# ##>#
..)..#.##.# #...#### #.#
####.#)##.# #...##.##
#.#


You could see a gnoll (contam).

Vanquished Creatures
  A dart slug (D:1)
  5 endoplasms (D:1)
  A giant cockroach (D:1)
  A hobgoblin (D:1)
  4 jackals (D:1)
  A frilled lizard (D:1)
  3 kobolds (D:1)
  5 rats (D:1)
21 creatures vanquished.

Notes
Turn   | Place    | Note
-------+----------+-------------------------------------------
     0 | D:1      | Alphaeus the Draconian Shapeshifter began the quest for the
                  | Orb.
     0 | D:1      | Reached XP level 1. HP: 16/16 MP: 1/1
    66 | D:1      | Reached XP level 2. HP: 11/23 MP: 2/2
   517 | D:1      | Found Seuhen's Assorted Antiques.
   557 | D:1      | Slain by a gnoll

Illustrated notes

Levels and vault maps discovered:
D:1:      tekkud_arrival_beachfront_property, layout_loops_cross, serial_shops,
          shop

Action                     || total
---------------------------++-------
  Melee: Unarmed           ||    57
         Tailslap          ||     6
 Armour: Skin              ||    30
  Dodge: Dodged            ||    60
   Form: Flux              ||     1
